 Dungeon Crawl Stone Soup version 0.25.1-1-g288607f5aa (webtiles) character file.

Game seed: 6429985166827414429

659 BledDest the Covert (level 7, -6/61 HPs)
             Began as a Naga Assassin on July 28, 2020.
             Was a Follower of Cheibriados.
             Killed by nerve-wracking pain
             ... invoked by Grinder
              (14 damage)
             ... on level 4 of the Dungeon.
             The game lasted 00:07:04 (3442 turns).

BledDest the Covert (Naga Assassin)                 Turns: 3442, Time: 00:07:04

Health: -6/61      AC:  9    Str: 15    XL:     7   Next: 55%
Magic:  7/7        EV: 10    Int: 14    God:    Cheibriados [*.....]
Gold:   140        SH:  0    Dex: 16    Spells: 6/6 levels left

rFire    . . .     SeeInvis +   a - +2 dagger
rCold    . . .     Gourm    .   (no shield)
rNeg     . . .     Faith    .   b - +0 robe
rPois    +         Spirit   .   l - +1 hat
rElec    .         Reflect  .   c - +0 cloak
rCorr    .         Harm     .   (no gloves)
MR       .....                  (no barding)
Stlth    +++++.....             (no amulet)
HPRegen  0.20/turn              h - +4 ring of protection
MPRegen  0.10/turn              (no ring)

@: short of breath, stab, flying, hasted, very slow
A: large, see invisible, deformed body, poison resistance, slowness 2, slow
metabolism 1, spit poison 1, AC +2
a: Spit Poison, Bend Time, Renounce Religion


You were on level 4 of the Dungeon.
You worshipped Cheibriados.
Cheibriados was aware of your devotion.
You were hungry.

You visited 1 branch of the dungeon, and saw 4 of its levels.

You collected 140 gold pieces.

Inventory:

Hand Weapons
 a - a +2 dagger (weapon)
Missiles
 d - 2 poisoned darts (quivered)
 t - 2 curare-tipped darts
 w - 8 boomerangs
Armour
 b - a +0 robe (worn)
 c - a +0 cloak (worn)
 l - a +1 hat (worn)
 o - a +0 buckler
Jewellery
 h - a +4 ring of protection (left hand)
Scrolls
 j - 2 scrolls of remove curse {unknown}
 k - a scroll of random uselessness {unknown}
 s - a scroll of enchant weapon {unknown}
Potions
 e - 2 potions of might
 g - 2 potions of cancellation
 i - a potion of invisibility {unknown}
 n - a potion of flight
 u - a potion of heal wounds {unknown}
 v - a potion of mutation
Comestibles
 f - 9 rations
 m - 2 chunks of flesh


   Skills:
 + Level 2.4 Fighting
 + Level 2.4 Short Blades
 - Level 1.7 Throwing
 + Level 1.3 Dodging
 + Level 12.2 Stealth
 + Level 1.0 Shields
 + Level 1.2 Invocations


You had 6 spell levels left.
You didn't know any spells.
Your spell library contained the following spells:

 Spells                   Type           Power        Failure   Level  Hunger
 Beastly Appendage        Tmut           #.....       28%         1    ##.....
 Sticks to Snakes         Tmut           #.......     41%         2    ###....
 Spider Form              Tmut/Pois      #.........   65%         3    ####...
 Ice Form                 Ice/Tmut       #.......     96%         4    #####..
 Blade Hands              Tmut           #.........   100%        5    ######.


Dungeon Overview and Level Annotations

Branches:
Dungeon (4/15)
 Temple: D:4-7

Altars:
Cheibriados
Dithmenos
Fedhas
Nemelex Xobeh
Okawaru
Qazlal
Vehumet
Yredelemnul
Zin
The Shining One

Annotations:
D:4 Grinder


Innate Abilities, Weirdness & Mutations

You cannot wear boots.
Your serpentine skin is tough. (AC +2)
You have supernaturally acute eyesight. (SInv)
Armour fits poorly on your strangely shaped body.
Your system is resistant to poisons. (rPois)
You cover ground very slowly.
You have a slow metabolism.
You can spit poison.


Message History

Grinder hits you but does no damage.
Press: ? - help, Shift-Dir - straight line, f/p - Grinder
Aim: Grinder (moderately wounded, poisoned)
The splash of poison misses Grinder.
You are feeling hungry.
Grinder hits you.
You writhe in agony.
* * * LOW HITPOINT WARNING * * *
It was a potion of flight.
You feel very buoyant.
You fly up into the air.
Grinder looks more healthy.
Grinder blinks!
It was a potion of haste.
You feel yourself speed up.
Cheibriados forgives your accidental hurry, just this once.
Grinder gestures at you. Pain shoots through your body!
* * * LOW HITPOINT WARNING * * *
It was a potion of stabbing.
You feel ready to backstab. Grinder gestures at you.
Pain shoots through your body!
You die...

......(#......#.....#............
########......##'####'####.......
#.###....................#.......
#...#......<.............#.......
#...#.........<..........#.......
+...+....................'.......
###'#....................##......
.........#########'##.....#......
.........#......@ยง.(#.....#......
.........#..........#.....#......
.........#..........#.....#......
.........#..........#.....###+###
.........#.........5#............
####.....#..........+............
#.....#######'####............
#.............................
#.............................


You could see Grinder.

Vanquished Creatures
  Sigmund (D:3)
  Menkaure (D:4)
  An ogre (D:4)
  A howler monkey (D:4)
  2 hounds
  An orc priest (D:4)
  Jessica (D:3)
  Natasha (D:4)
  Terence (D:2)
  2 adders
  3 worms (D:3)
  A dart slug (D:4)
  2 leopard geckos
  4 orcs (D:4)
  8 bats
  4 giant cockroaches
  7 goblins
  9 hobgoblins
  3 jackals (D:3)
  4 kobolds
  A quokka (D:4)
  A ball python (D:1)
  5 frilled lizards
  5 rats
69 creatures vanquished.

Notes
Turn   | Place    | Note
-------+----------+-------------------------------------------
     0 | D:1      | BledDest the Naga Assassin began the quest for the Orb.
     0 | D:1      | Reached XP level 1. HP: 19/19 MP: 1/1
     9 | D:1      | Reached skill level 6 in Stealth
   152 | D:1      | Reached XP level 2. HP: 24/26 MP: 2/2
   384 | D:1      | Reached skill level 7 in Stealth
   703 | D:2      | Reached XP level 3. HP: 29/32 MP: 3/3
   784 | D:2      | Reached skill level 8 in Stealth
   899 | D:2      | Reached XP level 4. HP: 37/39 MP: 4/4
  1019 | D:2      | Noticed Terence
  1031 | D:2      | Killed Terence
  1151 | D:2      | Found a radiant altar of Vehumet.
  1605 | D:3      | Reached skill level 9 in Stealth
  1822 | D:3      | Found a sparkling altar of Nemelex Xobeh.
  1827 | D:3      | Found a blossoming altar of Fedhas.
  1830 | D:3      | Found a snail-covered altar of Cheibriados.
  1830 | D:3      | Found a shadowy altar of Dithmenos.
  1831 | D:3      | Reached XP level 5. HP: 45/45 MP: 5/5
  1835 | D:3      | Found a glowing silver altar of Zin.
  1836 | D:3      | Found a stormy altar of Qazlal.
  1837 | D:3      | Found a basalt altar of Yredelemnul.
  1838 | D:3      | Found a glowing golden altar of the Shining One.
  1839 | D:3      | Found an iron altar of Okawaru.
  1842 | D:3      | Became a worshipper of Cheibriados the Contemplative
  1973 | D:3      | Noticed Jessica
  2016 | D:3      | Killed Jessica
  2189 | D:3      | Noticed Sigmund
  2218 | D:3      | Killed Sigmund
  2218 | D:3      | Reached skill level 11 in Stealth
  2218 | D:3      | Reached XP level 6. HP: 26/52 MP: 6/6
  2660 | D:4      | Reached * piety under Cheibriados
  2660 | D:4      | Reached skill level 12 in Stealth
  2731 | D:4      | Reached XP level 7. HP: 52/60 MP: 7/7
  2842 | D:4      | Noticed Menkaure
  2859 | D:4      | Killed Menkaure
  2859 | D:4      | Reached skill level 1 in Dodging
  2859 | D:4      | Reached skill level 1 in Invocations
  3380 | D:4      | Noticed Natasha
  3388 | D:4      | Killed Natasha
  3388 | D:4      | Reached skill level 1 in Shields
  3424 | D:4      | Noticed Grinder
  3426 | D:4      | Paralysed by Grinder for 6 turns
  3442 | D:4      | Killed from afar by Grinder

Illustrated notes

Levels and vault maps discovered:
D:1:      dpeg_arrival_pits, layout_loops_ring, minmay_misc_feat_ornament,
          st_stairs_13
D:2:      layout_basic, fiery_altar_vehumet, serial_forest,
          infiniplex_forest_straight_3, infiniplex_forest_clump_medium,
          infiniplex_forest_end_1, infiniplex_forest_lined_ring,
          infiniplex_forest_straight_2, uniq_terence
D:3:      layout_basic, minitemple, first_ration, uniq_sigmund, uniq_jessica
D:4:      layout_gridville, uniq_natasha, uniq_grinder, uniq_menkaure

Skill      XL: |  1  2  3  4  5  6  7 |
---------------+----------------------+-----
Stealth        | 6 7 8 9 11 12 | 12.2
Dodging        | 1 |  1.3
Invocations    | 1 |  1.2
Shields        | 1 |  1.0
Fighting       | |  2.4
Short Blades   | |  2.4
Throwing       | |  1.7

Action                   |  1- 3 |  4- 6 |  7- 9 || total
-------------------------+-------+-------+-------++-------
Melee: Dagger            |    46 |   148 |    32 ||   226
Throw: Dart              |       |     9 |     8 ||    17
 Abil: Spit Poison       |       |     5 |     3 ||     8
  Use: Potion            |       |       |     4 ||     4
       Scroll            |       |       |     2 ||     2
 Stab: Sleeping          |    10 |    13 |     1 ||    24
       Distracted        |       |       |     1 ||     1
  Eat: Chunk             |       |     5 |     1 ||     6
Armor: Robe              |    19 |    87 |     7 ||   113
Dodge: Dodged            |    12 |    79 |    12 ||   103
